 Dungeon Crawl Stone Soup version 0.29.1-15-g9cfb28693d (webtiles) character file.

Game seed: 11546807632237399865

221 protoss039 the Digger (level 5, -1/39 HPs)
             Began as a Demonspawn Earth Elementalist on Apr 1, 2023.
             Succumbed to a kobold brigand's poison
             ... on level 3 of the Dungeon.
             The game lasted 00:04:34 (2683 turns).

protoss039 the Digger (DsEE)                        Turns: 2683, Time: 00:04:35

Health: -1/39      AC:  2    Str:  6 (8)  XL:     5   Next: 65%
Magic:  6/9        EV: 12    Int: 18 (19) God:
Gold:   63         SH:  0    Dex: 12 (13) Spells: 4/10 levels left

rFire   . . .      SeeInvis .   q - +0 spear
rCold   . . .      Faith    .   (no shield)
rNeg    . . .      Spirit   .   a - +0 robe
rPois   .          Reflect  .   (no helmet)
rElec   .          Harm     .   (no cloak)
rCorr   .          Rampage  .   (no gloves)
Will    .....                   (no boots)
Stlth   ++........              (no amulet)
HPRegen 0.13/turn               (no ring)
MPRegen 0.11/turn               (no ring)

@: lethally poisoned (-1 -> -10)
A: claws 2, sturdy frame 1
a: no special abilities


You were on level 3 of the Dungeon.
You visited 1 branch of the dungeon, and saw 3 of its levels.

You collected 63 gold pieces.

Inventory:

Hand Weapons
 q - a +0 spear (weapon)
Armour
 a - a +0 robe (worn)
Scrolls
 d - 2 scrolls of poison
 e - a scroll of noise {unknown}
 h - 2 scrolls of identify
 o - a scroll of blinking {unknown}
 p - a scroll of fear {unknown}
 s - a scroll of butterflies {unknown}
Potions
 i - a potion of degeneration
 r - a potion of mutation {unknown}


   Skills:
 + Level 2.3 Fighting
 + Level 1.5 Armour
 - Level 1.7 Dodging
 + Level 2.6 Stealth
 + Level 3.1 Spellcasting
 + Level 1.2 Conjurations
 - Level 1.0 Transmutations
 + Level 3.5 Earth Magic


You had 4 spell levels left.
You knew the following spells:

 Your Spells              Type           Power      Damage    Failure   Level
a - Sandblast             Erth           30%        2d9       3%          1
b - Passwall              Tmut/Erth      8%         N/A       10%         2
c - Stone Arrow           Conj/Erth      22%        3d8       19%         3

Your spell library contained the following spells:

 Spells                   Type           Power      Damage    Failure   Level
 Petrify                  Tmut/Erth      10%        N/A       54%         4


Dungeon Overview and Level Annotations

Branches:
Dungeon (3/15) Zot: 15269

Altars:


Innate Abilities, Weirdness & Mutations

You have very sharp fingernails.
Your movements are slightly less encumbered by armour. (ER -2)


Message History

You feel less invigorated.
You feel less confused.
* * * LOW HITPOINT WARNING * * *
You feel very sick.
The kobold brigand hits you with a +2 dagger of venom.
* * * LOW HITPOINT WARNING * * *
You are more poisoned.
Unknown command.
You barely miss the kobold brigand.
The kobold brigand is moderately wounded.
* * * LOW HITPOINT WARNING * * *
You feel very sick.
Unknown command.
Unknown command.
Casting: Sandblast (safe; 4% risk of failure)
Confirm with . or Enter, or press ? or * to list all spells.
Aiming: Stone Arrow (dangerous; 21% risk of failure)
Press: ? - help, Shift-Dir - straight line, f/p - kobold brigand
Aim: a kobold brigand, wielding a +2 dagger of venom and quivering poisoned darts (moderately wounded, wandering, unable to see you, hasn't noticed you, 60% to hit)
The stone arrow hits the kobold brigand!!
You kill the kobold brigand!
* * * LOW HITPOINT WARNING * * *
You feel very sick.
You feel your dexterity returning.
Your Conjurations skill increases to level 1!
Unknown command.
Unknown command.
It was a potion of might.
You feel very mighty all of a sudden.
* * * LOW HITPOINT WARNING * * *
You feel very sick.
Unknown command.
It was a potion of cancellation.
Your magical effects are unravelling.
You feel magically purged.
You feel less wooden.
Your +0 robe unmelds from your body.
You flicker back into view.
You feel a little less mighty now.
Your resistance to elements expires.
You die...

#...........#
#.##..#####.#
.>... #..#
....### #.##
.##... #.# ....
#.# # #.#####.#
###'###h....#.#
..$.hKh@.#....#
....g###.#....#
... #...##.# .
######.# #.#
#.# #.# ...


You could see 3 jackals, a hobgoblin and a kobold.

Vanquished Creatures
  2 kobold brigands (D:3)
  An adder (D:3)
  2 worms (D:2)
  3 dart slugs
  3 ball pythons (D:1)
  4 endoplasms
  3 giant cockroaches
  10 goblins
  10 hobgoblins
  11 kobolds
  2 quokkas (D:1)
  A bat (D:2)
  A frilled lizard (D:2)
  6 rats
59 creatures vanquished.

Notes
Turn   | Place    | Note
-------+----------+-------------------------------------------
     0 | D:1      | protoss039 the Demonspawn Earth Elementalist began the
                  | quest for the Orb.
     0 | D:1      | Reached XP level 1. HP: 13/13 MP: 3/3
    15 | D:1      | Found a faded altar of an unknown god.
    76 | D:1      | Gained mutation: Your movements are slightly less
                  | encumbered by armour. (ER -2) [demonic ancestry]
    76 | D:1      | Reached XP level 2. HP: 8/20 MP: 0/5
   312 | D:1      | Reached skill level 1 in Fighting
   873 | D:1      | Gained mutation: You have sharp fingernails. [demonic
                  | ancestry]
   873 | D:1      | Reached XP level 3. HP: 23/26 MP: 4/6
   991 | D:1      | Learned a level 2 spell: Passwall
  1117 | D:2      | Reached skill level 1 in Transmutations
  2285 | D:2      | Learned a level 3 spell: Stone Arrow
  2341 | D:3      | Reached XP level 4. HP: 33/33 MP: 3/8
  2504 | D:3      | Noticed a kobold brigand
  2505 | D:3      | Noticed a kobold brigand
  2515 | D:3      | Killed a kobold brigand
  2516 | D:3      | Reached skill level 1 in Armour
  2516 | D:3      | Gained mutation: You have very sharp fingernails. [demonic
                  | ancestry]
  2516 | D:3      | Reached XP level 5. HP: 16/38 MP: 0/9
  2682 | D:3      | Reached skill level 1 in Conjurations
  2682 | D:3      | HP: 2/58 [poisoned by a kobold brigand]
  2683 | D:3      | Succumbed to a kobold brigand's poison

Illustrated notes

Levels and vault maps discovered:
D:1:      amcnicky_arrival_blooded_trapdoor, layout_rooms,
          ebering_ecumenical_altar_box
D:2:      layout_basic, minmay_misc_feat_roman, interstate_on_off,
          minmay_goblin_outpost
D:3:      cheibrodos_thug_alley, layout_basic,
          mainiacjoe_overflow_catwalk_spiral

Skill      XL: |  1  2  3  4  5 |
---------------+----------------+-----
Fighting       | 1 2 |  2.3
Earth Magic    | 3 |  3.5
Transmutations | 1 |  1.0
Stealth        | 2 |  2.6
Armour         | 1 |  1.5
Spellcasting   | 3 |  3.1
Conjurations   | 1 |  1.2
Dodging        | |  1.7

Action                   |  1- 3 |  4- 6 || total
-------------------------+-------+-------++-------
Melee: Unarmed           |    11 |       ||    11
       Trident           |    64 |       ||    64
       Spear             |       |     7 ||     7
 Cast: Sandblast         |    42 |    16 ||    58
       Stone Arrow       |       |     1 ||     1
  Use: Potion            |     1 |    11 ||    12
       Scroll            |       |     3 ||     3
 Stab: Sleeping          |     1 |       ||     1
       Distracted        |     1 |       ||     1
Armor: Robe              |    19 |     1 ||    20
       Skin              |       |     4 ||     4
Dodge: Dodged            |    67 |    10 ||    77
